[Event "Chess.com Global Championship Knockout"]
[Site "Chess.com"]
[Date "2022.10.12"]
[Round "3"]
[White "Nepomniachtchi, Ian"]
[Black "Radjabov, Teimour"]
[Result "0-1"]
[WhiteElo "2793"]
[BlackElo "2747"]
[ECO "E20"]
[EventDate "2022.??.??"]
[Annotator "rafael"]
[PlyCount "64"]
[Beauty "8250095351835"]
[EventType "team-tourn"]
[TimeControl "900+2"]

1.d4 Nf6 2.c4 e6 3.Nc3 Bb4 4.f3 {One of the most aggressive variations to face the Nimzo-Indian Defense.} 4...c5 {This is a very popular move these days, although there is nothing wrong with the old 5...d5 move.} ( 4...d5 ) 5.d5 d6 6.e4 O-O ( 6...b5 $5 {is also a move with many supporters.} ) 7.Bf4 $2 $146 {A strange new move, which immediately leads to trouble for White. It's hard to say why Nepomniachtchi chose it.} ( 7.Ne2 {is the main move. A recent example:} 7...b5 8.Nf4 exd5 9.Nxd5 Nxd5 10.Qxd5 Qb6 $1 11.cxb5 Bb7 12.Qd2 d5 {with a chaotic position and chances for both sides. Caruana - Sevian, Riga 2021.} ) 7...Re8 ( 7...exd5 {is even better. Black has a powerful initiative after} 8.cxd5 Nh5 9.Be3 f5 ) 8.dxe6 {Another compromising move.} ( 8.Ne2 {looks more solid, although Black is doing very well after} 8...exd5 9.cxd5 Nh5 {followed by 10...f5.} ) 8...Bxe6 9.Bd3 {Taking the pawn on d6 doesn't help White either.} ( 9.Qxd6 Qa5 {with brutal compensation for the pawn.} ) ( 9.Bxd6 Nc6 ) 9...Nc6 10.Ne2 Ne5 $6 ( 10...Nh5 {is more accurate, avoiding the exchange of the bishop for the knight.} ) 11.b3 $6 ( 11.Bxe5 $1 {This is an ugly and difficult move to play, but it's the best option to neutralize Black's initiative.} 11...dxe5 12.Qc2 {With chances to balance the game, since White is close to installing the knight on d5.} ( 12.O-O Bxc3 $1 13.Nxc3 Qd4+ 14.Rf2 Bxc4 {and Black wins a pawn.} ) ) 11...Nh5 12.Bg3 $2 ( 12.Bxe5 {once again, it's necessary to resort to this ugly move.} ) 12...Nxg3 13.hxg3 Qg5 {Black could immediately play two ideas that will be shown later: put the queen on f6 or blow up the position with the b5 and d5 breaks.} ( 13...Qf6 14.Rc1 b5 $1 {With similar play to the game.} ) ( 13...b5 $1 {is the most forceful.} 14.cxb5 c4 15.bxc4 Qb6 {with a devastating initiative, thanks to the dark squares.} ) 14.Qd2 ( 14.f4 $2 Bxc3+ 15.Kf1 ( 15.Nxc3 Qxg3+ ) 15...Qf6 16.Nxc3 Nxc4 $1 17.bxc4 Qxc3 {and Black wins material.} ) 14...Qf6 15.Rc1 ( 15.O-O {The white king finds no refuge even after castling.} 15...b5 $1 16.cxb5 $6 c4 $1 17.bxc4 Bc5+ {and the black bishop enters the attack, deciding the game.} ) 15...b5 $1 {It's necessary to destroy the white center to exploit the advantage in development.} 16.cxb5 ( 16.f4 {would be better.} ) 16...d5 $1 17.exd5 Nxd3+ 18.Qxd3 Bf5 19.Qd2 Re5 $1 {A very accurate move.} 20.O-O ( 20.Kf2 Rae8 ( 20...c4 {This is also very good.} 21.bxc4 Bc5+ 22.Nd4 Rae8 23.Rhd1 Re3 $1 {with a decisive attack.} ) 21.Rhe1 c4 $1 22.bxc4 Bc5+ 23.Kf1 Be3 {with a massacre.} ) ( 20.f4 Ree8 {and now the bishop has the g4-square.} ) 20...Rxe2 $1 21.Qxe2 Bxc3 22.Rxc3 {Otherwise, the bishop is brought to d4.} 22...Qxc3 {Black has a decisive material advantage, and Radjabov doesn't give his opponent any chance of redemption.} 23.Rd1 Kf8 $1 {With the idea of taking the rook to e8.} 24.d6 Re8 25.Qf2 Bd7 26.Kh2 Re6 27.g4 g5 $1 {A classy move, avoiding the f3-f4 advance.} ( 27...Qe5+ 28.f4 ) 28.a4 Qe5+ 29.Kg1 Rxd6 30.Rc1 Rd4 31.Qc2 Kg7 32.Qxc5 Rd1+ {A well-known tactical shot decides the game.} ( 32...Rd1+ 33.Rxd1 ( 33.Kf2 Qe1# ) 33...Qxc5+ ) 0-1

[Event "European Chess Club Cup 2022"]
[Site "Chess.com"]
[Date "2022.10.03"]
[Round "1"]
[White "Elsness, Frode"]
[Black "Esipenko, Andrey"]
[Result "0-1"]
[WhiteElo "2468"]
[BlackElo "2678"]
[ECO "A04"]
[EventDate "2022.??.??"]
[Annotator "rafael"]
[PlyCount "40"]
[Beauty "8249558435848"]
[EventType "game"]
[TimeControl "5400+30"]

1.Nf3 Nf6 2.g3 c5 3.Bg2 Nc6 4.d4 $6 {This move is not a good attempt to gain an advantage.} 4...cxd4 5.Nxd4 h5 $5 {What a curious move! Out of nowhere Black decides to advance the h-pawn instead of developing the pieces. Of course this is an exotic move and not the most popular in this position. In fact, it's only the seventh most played, quite a feat considering that Black doesn't have many moves available. The idea is to get the pawn to h4, but should White worry about that?} ( 5...e5 $1 {This is the best move and it will be played soon in the game, with the inclusion of pawns on h5 and h3. That doesn't change the character of the game much.} 6.Nxc6 ( 6.Nb5 $2 d5 $1 {is similar to what we will see in the game.} ) 6...dxc6 7.Qxd8+ Kxd8 {and Black has no problems in this endgame.} ) 6.h3 {To me, advancing the h-pawn, whether to h3 or h4, is losing the psychological battle, if such a thing exists. I think White should be fearless and choose 6.c4 or 6.Nc3.} ( 6.h4 ) ( 6.c4 h4 7.Nc3 g6 8.Bg5 {Tomashevsky - Carlsen, Moscow 2012 (blitz).} ) ( 6.Nc3 h4 7.Bg5 {Hovhannisyan - Beerdsen, Chess.com INT 2022.} ) 6...e5 $1 7.Nb5 $2 {This is a new move in this position and it is no exaggeration to say that it's already a losing mistake.} ( 7.Nxc6 dxc6 8.Qxd8+ Kxd8 {with a roughly equal endgame.} ) 7...d5 $1 8.Bxd5 {This move is the only justification for white's previous play, but black's initiative is devastating now.} 8...Qa5+ 9.N1c3 ( 9.N5c3 {Doesn't help White after} 9...Nd4 $1 10.Bg2 Bf5 {with a decisive advantage.} ) 9...Nxd5 $1 10.Qxd5 Be6 {Black's moves are natural and good.} 11.Nd6+ Bxd6 12.Qxd6 Nd4 13.Kf1 {A sad move, but what to do?} ( 13.O-O Rd8 14.b4 Rxd6 15.bxa5 Bxh3 16.Rd1 Nxe2+ $1 17.Kh1 Rxd1+ 18.Nxd1 h4 {and the attack continues.} ) 13...Rd8 14.b4 ( 14.Qa3 {loses to} 14...Qc7 $1 {with the idea of playing Qc6 followed by capturing the c2-pawn.} ) 14...Rxd6 15.bxa5 Rc6 $1 {White's position collapses.} 16.Bd2 O-O 17.Rb1 Rfc8 18.Nb5 Rxc2 19.Nxd4 exd4 20.Bf4 Bc4 {White will likely lose e2, a2 and a5.} 0-1

[Event "U.S. Chess Championship 2022"]
[Site "Chess.com"]
[Date "2022.10.06"]
[Round "2"]
[White "So, Wesley"]
[Black "Yoo, Christopher Woojin"]
[Result "0-1"]
[WhiteElo "2774"]
[BlackElo "2563"]
[ECO "C42"]
[EventDate "2022.??.??"]
[Annotator "rafael"]
[PlyCount "96"]
[Beauty "7079448293970"]
[EventType "swiss"]
[EventRounds "11"]
[TimeControl "5400+30"]

{The famous coach Mark Dvoretsky liked to call \"irrational\" the games in which the tactical complications are so great that players cannot guide themselves simply with calculation, having to rely on intuition, too. This is one of these games.} 
1.e4 e5 2.Nf3 Nf6 {The Petroff has always been a reputable defense, but lately it's appearing more and more in elite games, having been GM Nepomniachtchi's main weapon in the 2022 Candidates Tournament.} 3.Nxe5 d6 4.Nf3 Nxe4 5.d4 d5 6.Bd3 Bd6 7.O-O O-O 8.c4 c6 9.Re1 Bf5 10.Qb3 Qd7 {All this is the latest fashion in opening theory. Here Caruana played the now famous novelty 11.Nh4 and got a great position against Nepomniachtchi in the Candidates Tournament, despite the game ending in a draw.} 11.c5 ( 11.Nh4 Be6 12.Qc2 Na6 13.a3 {Caruana - Nepomniachtchi, Madrid 2022.} ) ( 11.Nc3 ) 11...Bc7 12.Qc2 {This move is a theoretical novelty. 12.Nc3 and 12.Nbd2 are more common. The idea is to challenge the e4-knight.} ( 12.Nc3 ) ( 12.Nbd2 ) 12...Na6 13.a3 Bg6 {A natural move, setting up …f7-f5 to secure the knight on e4.} ( 13...Rae8 $5 {is recommended by the computer.} 14.Nc3 Bg4 $1 15.Ne5 Bxe5 16.dxe5 Naxc5 17.Nxe4 dxe4 18.Bxe4 Nxe4 19.Qxe4 Be6 {Followed by Bd5, with an equal game.} ) 14.Nc3 f5 15.Ne2 $1 {Taking the knight to the kingside, where it protects the white monarch.} 15...Bh5 16.Ng3 Bg6 17.Ne2 Bh5 18.Ng3 Bg6 19.b4 {So refuses the draw offer.} 19...Rae8 20.Bb2 {The position is difficult to evaluate, as both sides have their strengths. White wants to put the knight on e5 and then kick out the black knight with the f2-f3 move. Black, on the other hand, has a problem with the a6-knight, which is completely out of the game. There is a move that struggles to solve both problems.} 20...Re6 ( 20...Qd8 $1 {This is my favorite move, preparing …Nb8-d7 and gaining the option to move the queen to h4 if White plays Ne5.} 21.Ne5 Qh4 {with chances for both sides.} ) 21.Ne2 $1 {The knight dance continues.} ( 21.Ne5 $6 {Black's idea appears after this move.} 21...Bxe5 22.dxe5 Nxg3 23.hxg3 f4 $1 {and the g6-bishop is protected. Black has a good position.} ) 21...Qe7 22.Ne5 {Now is the right time.} 22...f4 23.Nxg6 ( 23.f3 {This move deserves consideration.} 23...Bxe5 24.dxe5 Ng5 25.Nd4 Bxd3 26.Qxd3 Rg6 {with a complicated game.} ) 23...Rxg6 24.f3 Qh4 $1 25.Nc3 ( 25.fxe4 $4 f3 ) 25...Rh6 $1 26.h3 $2 ( 26.fxe4 $4 {Of course this move can't be played.} 26...Qxh2+ 27.Kf1 f3 {with a decisive attack.} ) ( 26.Nxe4 $1 {is the right way to play.} 26...dxe4 27.Bxe4 Qxh2+ 28.Kf1 Bd8 29.d5 $1 {And Black doesn't have time to create an attack on white's king. The position opens up to the bishops and that is the preponderant factor. White is much better.} ) 26...Ng5 27.Qf2 Qh5 ( 27...Qxh3 {Even this move is possible.} 28.gxh3 Nxh3+ 29.Kf1 Nxf2 30.Kxf2 Rh2+ 31.Kf1 Rxb2 32.Re7 {White gets enough counterplay, despite being two pawns down.} ) 28.b5 ( 28.Nd1 {My computer suggests this move, but don't ask me why. As I wrote before, this is an \"irrational\" position.} ) 28...Nb8 29.a4 Bd8 {Controlling the rook invasion on the seventh rank and also preparing to activate the bishop.} 30.Re2 Qf7 {Black is eyeing a sacrifice on h3.} 31.Kf1 $2 ( 31.Qf1 $1 {would give a more solid defense to the h3-pawn.} ) 31...Nd7 32.a5 Nxh3 $1 {We knew this move would come sooner or later.} 33.gxh3 Rxh3 34.Qg2 Qh5 {The attack is deadly.} 35.Rf2 Rg3 36.Qh2 Rh3 37.Qg2 Re8 $1 38.Ne2 Re3 $1 39.Ra3 ( 39.Kg1 Rxe2 $1 40.Bxe2 Rg3 {and Black should win.} ) 39...Rh1+ ( 39...Bxa5 $3 {This phenomenal tactical theme will appear now and on the next move and would be the perfect prize for Black's extraordinary play. That said, it's a very difficult move to spot.} 40.Rxa5 Rexf3 {White position collapses. The threats are many.} ) 40.Ng1 Nf6 $2 ( 40...Bxa5 $3 {Once again, this move would do the trick.} 41.Rxa5 Rxd3 {with a winning attack.} ) 41.Bc1 ( 41.Bf5 $1 {Another irrational move appears. This one saves White. A possible continuation is} 41...Qxf5 42.Qxh1 Qb1+ 43.Kg2 Qg6+ {with perpetual check.} ) 41...Qh4 $1 {Preparing Nh5-g3.} 42.Bxe3 fxe3 43.Bxh7+ $1 ( 43.Re2 $6 Nh5 $19 ) 43...Qxh7 44.Rxe3 Bc7 45.Re7 $2 {The fatal mistake. White needed to avoid the invasion of black's queen. At least that's what my computer tells me. I would probably need at least ten hours to come to this conclusion only by myself.} ( 45.Rb3 $1 {And the machine claims the good old 0.00. Want to understand the difficulty level of the position $2 One of the possible lines continues:} 45...Rh2 46.Qg5 Rxf2+ 47.Kxf2 Qc2+ 48.Ne2 Qxb3 {It looks like White has to give up. But not yet.} 49.Qf5 $1 Bxa5 50.b6 $3 axb6 51.Qc8+ Kf7 52.Qc7+ {And a miraculous perpetual check appears.} 52...Kf8 53.Qd6+ Ke8 54.Qe5+ Kd8 55.Qb8+ Ke7 56.Qd6+ ) 45...Qb1+ ( 45...Nh5 {is also good.} 46.Rxc7 Qb1+ 47.Ke2 Nf4+ ) 46.Re1 Qd3+ 47.Rfe2 Rh2 48.Qg5 Nh5 {The knight, which was once so distant and forgotten, appears to decide the battle. A fantastic game, which the young Yoo will certainly never forget.} 0-1

[Event "U.S. Chess Championship 2022"]
[Site "Chess.com"]
[Date "2022.10.07"]
[Round "3"]
[White "Yoo, Christopher Woojin"]
[Black "Moradiabadi, Elshan"]
[Result "1-0"]
[WhiteElo "2563"]
[BlackElo "2534"]
[ECO "E04"]
[EventDate "2022.??.??"]
[Annotator "rafael"]
[PlyCount "77"]
[Beauty "7770690589722"]
[EventType "swiss"]
[EventRounds "11"]
[TimeControl "5400+30"]

1.d4 d5 2.c4 e6 3.Nf3 Nf6 4.g3 {Here we have, once again, the ever-present Catalan Opening.} 4...dxc4 5.Bg2 c5 6.Qa4+ ( 6.O-O {is more common.} ) 6...Bd7 {All coverages are possible here. It'ss quite possible that this is not the best of them.} ( 6...Nbd7 ) ( 6...Nc6 ) 7.Qxc4 Bc6 8.dxc5 Nbd7 9.Be3 Rc8 ( 9...Bd5 $1 {is more accurate.} 10.Qc2 ( 10.Qa4 Bc6 ) 10...Be4 11.Qc1 Bxc5 ( 11...Ng4 {Ding-Aronian, Berlin 2018.} ) 12.Bxc5 Rc8 13.b4 b6 14.O-O bxc5 15.b5 {Leads to a position similar to that of the game but in a slightly favorable version for Black.} ) 10.b4 b6 11.O-O $6 ( 11.Nc3 $1 {is more accurate, since it avoids a tactical possibility for Black, as we will see.} 11...bxc5 12.b5 Bb7 13.O-O {with a small advantage for White in Maghsoodloo-Sadhwani, Chess.com INT 2021.} ) 11...bxc5 12.b5 Bb7 $6 ( 12...Nb6 $1 {Black misses this move, which is clearly the best. The b5-pawn now falls, and White's compensation is just enough for equality.} 13.Qb3 ( 13.Qc2 {may be a better try, but the compensation is not very convincing after} 13...Bxb5 14.Nc3 Bc6 ) 13...c4 14.Qb2 Na4 $1 {This is the point.} 15.Qc2 Bxb5 16.Nd4 Bd7 17.Nc6 Bxc6 18.Bxc6+ Rxc6 19.Qxa4 Qd7 {and White's compensation is enough for equality but not more.} ) 13.Rd1 Be7 14.a4 O-O 15.a5 {The pawn structure favors White with his threatening pawns on the queen flank.} 15...Nb6 {An ingenious attempt but not enough.} 16.Qc2 ( 16.Rxd8 {is probably the simplest path to an advantage.} 16...Nxc4 17.Rxc8 Rxc8 18.Ne5 $1 Bxg2 19.Nxc4 {with a clear advantage due to the better pawn structure.} ) 16...Nbd5 17.Bd2 Qe8 18.Qc4 $6 {This is a clear mistake.} ( 18.Na3 {is better. Probably Yoo didn't like 18...c4, but he still gets some pressure after this.} 18...c4 19.Nxc4 Qxb5 20.Nfe5 {with some advantage.} ) 18...Nb4 $1 {Now Black gets good counterplay.} 19.Na3 Ne4 20.Bf4 Bd5 21.Qc1 c4 $1 22.Ne5 $2 {This is actually a losing move.} ( 22.Nd4 {is better.} ) 22...Nc5 $2 ( 22...c3 $1 {As the saying goes: \"Passed pawns must be pushed.\" Easier said than done.} 23.Bxe4 {It's hard to suggest anything for White.} 23...Bxe4 24.Nec4 Nc2 $1 25.Nxc2 Rxc4 {and my computer evaluates the position as winning for Black. The bishop pair and the passed c-pawn certainly help to influence the machine.} ) 23.Nexc4 $1 {Based on an accurate calculation.} 23...Bxg2 $6 ( 23...Nb3 $1 {This move leads to a forced draw after} 24.Qb2 Nxa1 25.Nd6 $1 Bxd6 26.Bxd6 Nac2 27.Nxc2 Nxc2 28.Bxf8 Kxf8 29.Rc1 Bxg2 30.Kxg2 {and here almost all moves lead to a draw, for example:} 30...Qd8 31.Rxc2 Rxc2 32.Qxc2 Qxa5 ) 24.Nd6 $1 {Intermediate moves are the most difficult in chess.} 24...Bxd6 25.Bxd6 Nb3 $2 {A decisive miscalculation.} ( 25...Ne4 $1 26.Qb2 Nxd6 27.Rxd6 Bd5 28.Qxb4 f5 {Securing the d5-bishop. Despite being a pawn down, Black has good chances of saving the game, since the white pieces are not well coordinated.} ) 26.Qb2 Nxa1 27.Bxb4 Ba8 28.Rxa1 Qd7 29.Bxf8 Rxf8 30.Rc1 {White has emerged from the complications with a solid extra pawn.} 30...a6 31.b6 Qd5 32.f3 Qxa5 33.Nc4 {Material is now equal, but the b-pawn decides the game.} 33...Qd5 34.Ne3 Qg5 35.Kf2 Qf6 ( 35...Bb7 36.Rc7 Rb8 37.Qd4 {wins easily.} ) 36.Qb4 a5 ( 36...Bb7 37.Rc7 ) 37.Qxa5 Qh6 38.h4 f5 39.Qxa8 $1 {An elegant finish.} ( 39.Qxa8 Rxa8 40.b7 {followed by 41.Rc8.} ) 1-0

[Event "U.S. Chess Championship 2022"]
[Site "Chess.com"]
[Date "2022.10.08"]
[Round "4"]
[White "Niemann, Hans Moke"]
[Black "Caruana, Fabiano"]
[Result "0-1"]
[WhiteElo "2699"]
[BlackElo "2763"]
[ECO "E36"]
[EventDate "2022.??.??"]
[Annotator "rafael"]
[PlyCount "160"]
[Beauty "5291823333898"]
[EventType "swiss"]
[EventRounds "11"]
[TimeControl "5400+30"]

1.d4 Nf6 2.c4 e6 3.Nc3 Bb4 4.Qc2 O-O 5.a3 Bxc3+ 6.Qxc3 d5 7.Bg5 h6 {7...dxc3 and 7...c5 are popular alternatives.} ( 7...dxc4 ) ( 7...c5 8.dxc5 d4 ) 8.Bxf6 ( 8.Bh4 {is imprecise because Black gets a good game after} 8...c5 $1 9.dxc5 d4 {and the insertion of h6-Bh4 favors Black, compared to normal lines.} ) 8...Qxf6 9.Nf3 dxc4 10.Qxc4 Nc6 11.Qc3 {This move is necessary to fight the e6-e5 advance. All this is still theory.} 11...Re8 12.Rd1 e5 $1 13.d5 Nb8 14.e3 ( 14.Qxc7 {Of course, accepting the pawn is not a good idea.} 14...Na6 {with a lot of compensation.} ) 14...Bf5 {The computer's favorite move. Caruana, as always, shows impeccable preparation.} ( 14...Bg4 15.Be2 Nd7 16.O-O Bxf3 17.Bxf3 e4 18.Qxc7 $1 exf3 19.Qxd7 fxg2 20.Rfe1 Qxb2 {and Black can probably equalize.} ) 15.Be2 Nd7 16.O-O Rac8 17.a4 {A new and somewhat strange move. Niemann spent some time here, so I believe this was not preparation.} ( 17.Bb5 {Has already been played.} 17...a6 18.Bxd7 Bxd7 19.Nd2 {with equal chances.} ) 17...c6 18.d6 {A brave move. The d6-pawn is passed, but it can also become a weakness.} ( 18.dxc6 Rxc6 19.Qb4 {and Black's position is a little more comfortable, but nothing too worrisome.} ) 18...Rcd8 19.a5 {White's idea pops up. The pawn heads for a6, breaking Black's structure.} 19...Bg4 20.h3 $2 {This move leads to problems.} ( 20.Qb4 $1 {is necessary with an equal position after} 20...e4 21.Nd4 ) 20...Bxf3 $1 21.gxf3 {A sad necessity. The endgame is much better for Black after 21.Bxf3.} ( 21.Bxf3 e4 $1 {The d6-pawn will be lost sooner or later.} ) 21...Nf8 22.Qb4 $2 ( 22.a6 $1 {is the best chance, for example:} 22...bxa6 23.Qxc6 Re6 24.Qxa6 Rexd6 25.Qxa7 Qh4 26.Rxd6 Rxd6 27.Kh2 Rd2 28.Qa6 Rxb2 {and the material is greatly reduced. White must get the draw.} ) 22...Rd7 {Now Caruana has a much better position.} 23.Rd2 Ng6 $2 {Here and in the next moves, it would be better to play a7-a6 and avoid White's counterplay on the queenside.} ( 23...a6 $1 ) 24.Rfd1 ( 24.a6 $1 {White should have taken the chance to advance the pawn.} ) 24...Nh4 ( 24...a6 $1 ) 25.Qg4 Re6 26.Kf1 Nf5 27.a6 $1 bxa6 28.Bxa6 $6 ( 28.Qe4 $1 {Is a pretty straight path to equality.} 28...Rdxd6 29.Rxd6 Nxd6 30.Qxc6 ) 28...Rdxd6 29.Rxd6 Nxd6 30.Bd3 $2 ( 30.Qb4 {is better.} ) 30...g6 31.h4 h5 32.Qg3 Kg7 {Black has a solid extra pawn, and White's queen is misplaced. The position is winning, but we still have some adventures.} 33.e4 Qe7 ( 33...Nb5 {is the clearest path to victory.} ) 34.Qg5 Qb7 35.Qc1 Qb4 ( 35...Rf6 $1 36.Kg2 Qb3 {with a winning position.} ) 36.Qd2 Qxd2 37.Rxd2 Kf6 $6 ( 37...Nb5 $1 38.Bxb5 cxb5 {and the computer indicates Black's victory. Not all rook endings are drawn $1} ) 38.b4 g5 $6 {now the win becomes problematic.} ( 38...Nb5 $1 ) 39.Ra2 $1 {White finally gets some counterplay.} 39...Nc8 40.Ba6 Nd6 41.Be2 Nc8 42.f4 $5 {Niemann surprisingly decides not to repeat moves.} ( 42.Ba6 Nb6 {Caruana would probably try this, but White has good drawing chances.} ) 42...gxh4 43.Bxh5 Nd6 44.Rxa7 ( 44.fxe5+ {is more accurate.} 44...Rxe5 45.Bf3 Nxe4 46.Kg2 {and the draw is close.} ) 44...exf4 45.f3 Re5 46.Bg4 Nc4 47.Kg2 $2 {After this mistake Black is winning again, and this evaluation doesn't change anymore. A theoretical draw could be reached after} ( 47.Ra6 $1 Ne3+ 48.Kf2 Nxg4+ ( 48...Rb5 49.Rxc6+ Kg7 50.Bh3 Rxb4 51.Rc5 ) 49.fxg4 Rxe4 50.Rxc6+ Kg5 51.Rc7 Rxb4 52.Rxf7 Kxg4 53.Rg7+ {and this position is a famous draw, even though Black has two extra pawns.} ) 47...Rb5 {Now Black has time to bring the knight to e5, defending the c6-pawn.} 48.Ra4 Ne5 49.Kh3 Kg5 50.Ra8 Rxb4 51.Rh8 Kf6 52.Rh5 Rb5 53.Rf5+ Ke7 54.Bh5 ( 54.Rxf4 Nd3 55.Rf5 Rxf5 56.Bxf5 c5 {and the c-pawn decides the game.} ) 54...Ng6 ( 54...Ke6 {with the idea of advancing the c-pawn that leads to an easy victory, for example:} 55.Rxf4 Nd3 $1 56.Bxf7+ Ke7 {and the bishop is lost.} ) 55.Bxg6 fxg6 56.Rxf4 g5 57.Rg4 {You always have to be careful in rook endings, but Caruana shows good technique.} 57...Kf6 58.f4 Rb3+ 59.Kh2 Rb2+ 60.Kh3 Rb3+ 61.Kh2 gxf4 62.Rxf4+ Ke5 63.Rxh4 Re3 {As the tablebase is quick to show, Black is winning.} 64.Rh6 Rc3 65.Kg2 ( 65.Rh4 Kd4 66.Kg2 Re3 $1 {and white's king is too far away.} ) 65...Kxe4 66.Rd6 Ke3 67.Re6+ Kd2 68.Rd6+ Kc2 69.Kf2 c5 70.Rc6 Kd2 71.Rc8 c4 72.Rc7 Rc2 73.Rd7+ Kc3+ 74.Ke1 ( 74.Ke3 Rc1 75.Ke2 Kc2 $19 ) 74...Rh2 75.Kd1 Rh1+ 76.Ke2 Kc2 77.Rd2+ Kb3 78.Rd8 c3 79.Rb8+ Kc2 80.Ra8 Rh7 {The game will soon arrive at the famous Lucena position. Niemann decides to resign before that.} 0-1